 Dungeon Crawl Stone Soup version 0.29-a0-830-gcb1280458a (webtiles) character file.

Game seed: 2298279418409797864

15 xian the Charlatan (level 2, -19/21 HPs)
             Began as a Merfolk Artificer on July 11, 2022.
             Demolished by a kobold
             ... wielding a +1 whip of electrocution
              (20 damage)
             ... on level 1 of the Dungeon.
             The game lasted 00:01:54 (595 turns).

xian the Charlatan (Merfolk Artificer)               Turns: 595, Time: 00:01:54

Health: -19/21     AC:  6    Str: 12    XL:     2   Next: 50%
Magic:  2/2        EV: 11    Int: 10    God:
Gold:   22         SH:  0    Dex: 14    Spells: 1/1 levels left

rFire   . . .      SeeInvis .   a - +0 club
rCold   . . .      Faith    .   (no shield)
rNeg    . . .      Spirit   .   f - +0 ring mail
rPois   .          Reflect  .   (no helmet)
rElec   .          Harm     .   (no cloak)
rCorr   .          Rampage  .   (no gloves)
Will    .....                   g - +0 pair of boots
Stlth   +.........              (no amulet)
HPRegen 0.07/turn               (no ring)
MPRegen 0.08/turn               (no ring)

@: no status effects
A: (nimble swimmer 2), mertail
a: no special abilities


You were on level 1 of the Dungeon.
You visited 1 branch of the dungeon, and saw 1 of its levels.

You collected 22 gold pieces.

Inventory:

Hand Weapons
 a - a +0 club (weapon)
Armour
 b - a +0 leather armour
 f - a +0 ring mail (worn)
 g - a +0 pair of boots (worn)
Wands
 c - a wand of flame (9) (quivered)
 d - a wand of charming (15)
 e - a wand of iceblast (9)
Scrolls
 h - a scroll of silence {unknown}
Potions
 i - a potion of curing {unknown}


   Skills:
 + Level 1.1 Fighting
 + Level 0.6 Armour
 + Level 2.9 Dodging
 + Level 1.1 Stealth
 + Level 3.7 Evocations


You had one spell level left.
You didn't know any spells.
Your spell library contained the following spells:

 Spells                   Type           Power      Damage    Failure   Level
 Gell's Gravitas          Tloc           0%         N/A       95%         3
 Teleport Other           Tloc           0%         N/A       95%         3
 Dispersal                Tloc           0%         N/A       100%        6


Dungeon Overview and Level Annotations

Branches:
Dungeon (1/15)

Altars:


Innate Abilities, Weirdness & Mutations

((You are very nimble when in or above water. (Stealth+, EV+, Speed+++)))
Your lower body shifts to a powerful aquatic tail in water.


Message History

The quokka is severely wounded.
The quokka bites you.
You closely miss the quokka.
The quokka is severely wounded.
The quokka barely misses you.
The quokka bites you but does no damage.
You hit the quokka.
You kill the quokka!
A hobgoblin comes into view.
The hobgoblin shouts!
You hit the hobgoblin.
The hobgoblin is heavily wounded.
The hobgoblin hits you but does no damage. x2
You barely miss the hobgoblin. You punch the hobgoblin.
The hobgoblin is severely wounded.
The hobgoblin hits you but does no damage.
You hit the hobgoblin.
You kill the hobgoblin!
You now have 22 gold pieces (gained 11).
You open the huge gate.
Found a faded altar of an unknown god.
You open the door.
A rat comes into view.
A kobold comes into view.
It is wielding a +1 whip of electrocution.
There is an open door here.
The rat bites you but does no damage.
You closely miss the rat. The rat bites you.
The kobold attacks as you move away! The kobold hits you but does no damage.
There is an open door here.
The kobold attacks as you move away! The kobold hits you but does no damage.
You completely miss the kobold.
The kobold hits you with a +1 whip of electrocution.
You are electrocuted!
Ouch! That really hurt!
* * * LOW HITPOINT WARNING * * *
The kobold hits you with a +1 whip of electrocution.
* * * LOW HITPOINT WARNING * * *
You are electrocuted!!
Ouch! That really hurt!
You die...

............ .....########
.....# ............#
.....# #...........#
.....# #...........#
.....# #...........#
.....# ............######
.....#
...........#.....##.....##
......''''''....@Kr.......
......'''''......##.....#.
#####.''_''......# ######
#.'''''......##
#.'''''.......#
#.............#
##............#
#............#
#............#


You could see a kobold and a rat.

Vanquished Creatures
  2 endoplasms (D:1)
  2 giant cockroaches (D:1)
  4 hobgoblins (D:1)
  A kobold (D:1)
  A quokka (D:1)
  2 rats (D:1)
12 creatures vanquished.

Notes
Turn   | Place    | Note
-------+----------+-------------------------------------------
     0 | D:1      | xian the Merfolk Artificer began the quest for the Orb.
     0 | D:1      | Reached XP level 1. HP: 15/15 MP: 1/1
    67 | D:1      | Reached XP level 2. HP: 2/21 MP: 2/2
   583 | D:1      | Found a faded altar of an unknown god.
   595 | D:1      | HP: 1/21 [kobold/+1 whip of electrocution (1)]
   595 | D:1      | Demolished by a kobold

Illustrated notes

Levels and vault maps discovered:
D:1:      dpeg_arrival_erosion, layout_basic,
          hellmonk_ecumenical_altar_heavens_door

Action                   || total
-------------------------++-------
Melee: Club              ||    44
       Punch             ||     1
Evoke: Wand              ||     6
Armor: Leather armour    ||     9
       Ring mail         ||    17
Dodge: Dodged            ||    23

Table legend: (Time is in decaauts)
 A = Elapsed time spent in this place.
 B = Non-inter-level travel time spent in this place.
 C = Inter-level travel time spent in this place.
 D = Time resting spent in this place.
 E = Time spent auto-exploring this place.
 F = Levels seen in this place.
 G = Mean time per level.
                   A        B        C        D        E       F      G
               +--------+--------+--------+--------+--------+-----+--------+
         Total |    607 |    607 |      0 |      0 |    430 |   1 |  607.0 |
       Dungeon |    607 |    607 |      0 |      0 |    430 |   1 |  607.0 |
               +--------+--------+--------+--------+--------+-----+--------+

Top non-repeatable levels by time:
     D:1: 607 daAuts
